 Dungeon Crawl Stone Soup version 0.28-a0-1435-g82390b3a13 (webtiles) character file.

Game seed: 10324409130421142332

1274 Gargoyl the Skirmisher (level 8, -6/60 HPs)
             Began as a Gnoll Abyssal Knight on Jan 9, 2022.
             Was a Priest of Lugonu.
             Mangled by a two-headed ogre (8 damage)
             ... on level 5 of the Dungeon.
             The game lasted 00:11:30 (7101 turns).

Gargoyl the Skirmisher (Gnoll Abyssal Knight)       Turns: 7101, Time: 00:11:31

Health: -6/60      AC:  8    Str: 13 (15) XL:     8   Next: 53%
Magic:  13/13      EV: 13    Int:  9 (10) God:    Lugonu [***...]
Gold:   138        SH:  0    Dex: 10 (12) Spells: 13/13 levels left

rFire   . . .      SeeInvis .   a - +3 hand axe
rCold   + . .      Faith    .   (no shield)
rNeg    . . .      Spirit   .   e - +5 robe of Gozag's Whim {rC+}
rPois   .          Reflect  .   (no helmet)
rElec   .          Harm     .   (no cloak)
rCorr   +          Rampage  .   i - +1 pair of gloves
Will    +....      Rage     1%  (no boots)
Stlth   ++........              (no amulet)
HPRegen 0.20/turn               p - ring of willpower
MPRegen 0.13/turn               r - ring of resist corrosion

@: no status effects
A: fangs 1, strong nose, distributed training, berserk 1, deformed body, frail 1
a: Renounce Religion, Depart the Abyss, Bend Space, Banish


You were on level 5 of the Dungeon.
You worshipped Lugonu.
Lugonu was most pleased with you.
You visited 1 branch of the dungeon, and saw 6 of its levels.
You visited the Abyss 1 time.

You collected 138 gold pieces.

Inventory:

Hand Weapons
 a - a +3 hand axe (weapon)
Missiles
 f - 3 throwing nets
 l - 4 poisoned darts (quivered)
Armour
 e - the +5 robe of Gozag's Whim (worn) {rC+}
   (You found it on level 3 of the Dungeon)

   rC:        It protects you from cold.
 i - a +1 pair of gloves (worn)
Jewellery
 p - a ring of willpower (left hand)
 r - a ring of resist corrosion (right hand)
Scrolls
 b - 6 scrolls of identify
 c - 2 scrolls of teleportation
 d - a scroll of enchant armour
 m - a scroll of summoning


   Skills:
 + Level 7.4 Fighting
 + Level 3.3 Short Blades
 + Level 3.3 Long Blades
 + Level 5.7 Axes
 + Level 3.3 Maces & Flails
 + Level 3.3 Polearms
 + Level 3.3 Staves
 + Level 3.3 Slings
 + Level 3.3 Bows
 + Level 3.3 Crossbows
 + Level 3.3 Throwing
 + Level 5.7 Armour
 + Level 4.3 Dodging
 + Level 3.3 Stealth
 + Level 3.3 Shields
 + Level 3.3 Unarmed Combat
 + Level 3.3 Spellcasting
 + Level 2.7 Conjurations
 + Level 2.7 Hexes
 + Level 2.7 Summonings
 + Level 2.7 Necromancy
 + Level 2.7 Translocations
 + Level 2.7 Transmutations
 + Level 2.7 Fire Magic
 + Level 2.7 Ice Magic
 + Level 2.7 Air Magic
 + Level 2.7 Earth Magic
 + Level 2.7 Poison Magic
 + Level 6.0 Invocations
 + Level 3.3 Evocations


You had 13 spell levels left.
You didn't know any spells.
Your spell library contained the following spells:

 Spells                   Type           Power      Damage    Failure   Level
 Freeze                   Ice            24%        1d5       10%         1
 Static Discharge         Conj/Air       6%         N/A       14%         2
 Frozen Ramparts          Ice            12%        1d3       28%         3
 Hailstorm                Conj/Ice       6%         3d4       67%         4
 Lightning Bolt           Conj/Air       3%         1d14      95%         5
 Summon Forest            Summ/Tloc      3%         N/A       95%         5
 Eringya's Noxious Bog    Tmut/Pois      3%         N/A       100%        6
 Summon Hydra             Summ           3%         N/A       100%        7
 Maxwell's Capacitive Co  Air            3%         ∞         100%        8


Dungeon Overview and Level Annotations

Branches:
Dungeon (6/15)             Temple (0/1) D:4

Altars:
Elyvilon
Hepliaklqana
Ru

Shops:
D:2 ?   D:3 [:*!*   D:6 [


Innate Abilities, Weirdness & Mutations

You have very sharp teeth.
Your uncanny sense of smell can sniff out nearby items.
Your experience applies equally to all skills.
You tend to lose your temper in combat.
Armour fits poorly on your strangely shaped body.
You are frail. (-10% HP)


Message History

The adder is severely wounded.
The adder bites you but does no damage.
You hit the adder.
You kill the adder!
Lugonu accepts your kill.
You see here an adder corpse.
Unknown command.
Found a sacrificial altar of Ru.
Key pressed, stopping explore.
A two-headed ogre comes into view. It is wielding two +0 giant clubs.
Throw: 6 darts (poison)
Press: ? - help, Q - select action, (/) - cycle Shift-Dir - straight line, f - two-headed ogre
Aim: a two-headed ogre, wielding two +0 giant clubs (asleep, 98% to hit)
You throw a poisoned dart.
The poisoned dart hits the two-headed ogre.
The two-headed ogre is poisoned.
The two-headed ogre shouts in stereo!
Throw: 5 darts (poison)
Press: ? - help, Q - select action, (/) - cycle Shift-Dir - straight line, f/p - two-headed ogre
Aim: a two-headed ogre, wielding two +0 giant clubs (lightly wounded, poisoned, 76% to hit)
You throw a poisoned dart.
The poisoned dart hits the two-headed ogre.
The two-headed ogre looks even sicker.
The two-headed ogre is lightly wounded.
A komodo dragon comes into view.
The komodo dragon hisses angrily.
You hit the two-headed ogre.
The two-headed ogre is lightly wounded.
The two-headed ogre hits you with a +0 giant club! x2
You slash the two-headed ogre!
The two-headed ogre is moderately wounded.
The two-headed ogre hits you with a +0 giant club!
The two-headed ogre hits you with a +0 giant club!!
* * * LOW HITPOINT WARNING * * *
Unknown command.
It was a potion of degeneration.
There was something very wrong with that liquid.
You feel weakened.
You feel dopey.
You feel clumsy.
The two-headed ogre hits you with a +0 giant club!
You die...

#....................
###............###.....
...............###.....
..............#........
..............#........
######.#..'###........
######.#...........
∆#O#.#..#...........
#.(.#@###.#...........
#(####.#..#...........
# #.###.#...........
∆##.#..#(..........
##.#.#...........
###.##'###......
..#....#...... ###
.##....#......
####.#####.......###..


You could see a two-headed ogre (poisoned).

Vanquished Creatures
  A wraith (D:4)
  A water moccasin (D:6)
  An ice beast (D:5)
  An ogre (D:5)
  2 gnoll sergeants
  A water moccasin skeleton (D:4)
  A gnoll shaman (D:3)
  5 hounds
  A jelly (D:5)
  A bullfrog skeleton (D:4)
  2 iguanas (D:4)
  An orc wizard (D:3)
  Terence (D:2)
  A hound skeleton (D:4)
  16 gnolls
  5 adders
  A white imp (D:3)
  An ufetubus (D:5)
  2 adder skeletons
  3 worms
  8 orcs
  5 endoplasms
  4 giant cockroaches
  11 goblins
  9 hobgoblins
  3 quokkas
  4 ball pythons
  8 bats
  4 frilled lizards
  3 kobolds
  7 rats
114 creatures vanquished.

Notes
Turn   | Place    | Note
-------+----------+-------------------------------------------
     0 | Abyss:1  | Gargoyl the Gnoll Abyssal Knight began the quest for the
                  | Orb.
     0 | Abyss:1  | Reached XP level 1. HP: 23/23 MP: 3/3
     0 | D:1      | Escaped the Abyss
   105 | D:1      | Reached * piety under Lugonu
   244 | D:1      | Reached XP level 2. HP: 29/29 MP: 5/5
  1074 | D:2      | Found a faded altar of an unknown god.
  1077 | D:2      | Reached XP level 3. HP: 35/35 MP: 6/6
  1355 | D:2      | Noticed Terence
  1356 | D:2      | Found Eledd's Magic Scroll Shop.
  1375 | D:2      | Killed Terence
  1376 | D:2      | Reached skill level 1 in Short Blades
  1376 | D:2      | Reached skill level 1 in Long Blades
  1376 | D:2      | Reached skill level 1 in Maces & Flails
  1376 | D:2      | Reached skill level 1 in Polearms
  1376 | D:2      | Reached skill level 1 in Staves
  1376 | D:2      | Reached skill level 1 in Slings
  1376 | D:2      | Reached skill level 1 in Bows
  1376 | D:2      | Reached skill level 1 in Crossbows
  1376 | D:2      | Reached skill level 1 in Throwing
  1376 | D:2      | Reached skill level 1 in Stealth
  1376 | D:2      | Reached skill level 1 in Shields
  1376 | D:2      | Reached skill level 1 in Unarmed Combat
  1376 | D:2      | Reached skill level 1 in Spellcasting
  1376 | D:2      | Reached skill level 1 in Evocations
  1376 | D:2      | Reached XP level 4. HP: 9/41 MP: 7/7
  1840 | D:2      | Reached ** piety under Lugonu
  2026 | D:2      | Reached skill level 1 in Conjurations
  2026 | D:2      | Reached skill level 1 in Hexes
  2026 | D:2      | Reached skill level 1 in Summonings
  2026 | D:2      | Reached skill level 1 in Necromancy
  2026 | D:2      | Reached skill level 1 in Translocations
  2026 | D:2      | Reached skill level 1 in Transmutations
  2026 | D:2      | Reached skill level 1 in Fire Magic
  2026 | D:2      | Reached skill level 1 in Ice Magic
  2026 | D:2      | Reached skill level 1 in Air Magic
  2026 | D:2      | Reached skill level 1 in Earth Magic
  2026 | D:2      | Reached skill level 1 in Poison Magic
  2205 | D:3      | Reached XP level 5. HP: 40/47 MP: 8/8
  2450 | D:3      | Found Rezeh's Assorted Antiques.
  2714 | D:3      | Found Dyelef's Distillery.
  2743 | D:3      | Identified the +5 robe of Gozag's Whim {rC+}
  2765 | D:3      | Found Olus's Book Boutique.
  2867 | D:3      | Found Doegyzucs's Antique Armour Shop.
  2996 | D:3      | Found Hueclal's General Store.
  3140 | D:2      | Reached skill level 5 in Invocations
  3366 | D:2      | Reached XP level 6. HP: 43/53 MP: 9/9
  3994 | D:4      | Reached skill level 5 in Axes
  3994 | D:4      | Reached skill level 5 in Armour
  4255 | D:4      | Found a staircase to the Ecumenical Temple.
  4416 | D:4      | Reached *** piety under Lugonu
  4655 | D:4      | Found a white marble altar of Elyvilon.
  4678 | D:4      | Reached XP level 7. HP: 46/59 MP: 10/10
  4898 | D:5      | Entered Level 5 of the Dungeon
  4919 | D:5      | Reached skill level 7 in Fighting
  5276 | D:5      | Noticed a wraith
  5297 | D:4      | Gained mutation: You tend to lose your temper in combat.
                  | [potion of mutation]
  5297 | D:4      | Gained mutation: You are frail. (-10% HP) [potion of
                  | mutation]
  5297 | D:4      | Gained mutation: Armour fits poorly on your strangely
                  | shaped body. [potion of mutation]
  5309 | D:4      | Killed a wraith
  5424 | D:5      | Reached XP level 8. HP: 53/60 MP: 12/12
  5929 | D:5      | HP: 2/60 [gnoll sergeant (12)]
  6363 | D:5      | Found a hazy altar of Hepliaklqana.
  6461 | D:6      | Found Aqy Umaos's Antique Armour Emporium.
  7016 | D:5      | Found a sacrificial altar of Ru.
  7095 | D:5      | Noticed a two-headed ogre
  7097 | D:5      | Noticed a komodo dragon
  7099 | D:5      | HP: 1/60 [two-headed ogre (23)]
  7101 | D:5      | Mangled by a two-headed ogre

Illustrated notes

Levels and vault maps discovered:
D:1:      minmay_arrival_cross, layout_basic, chequers_serial_rivers_micro_d,
          nicolae_concentric_dashed_squares_mild
D:2:      layout_loops_ring, hellmonk_ecumenical_altar_run_dry, serial_shops,
          nicolae_diamond_shop, st_stairs_9, uniq_terence
D:3:      layout_basic, serial_shops, nicolae_diamond_shop,
          nicolae_shop_waterfront, nicolae_shop_stone,
          nicolae_shop_behind_doors, shop_fountains
D:4:      layout_rooms, elyvilon_altar_5, minmay_temple_entry_antechambers
D:5:      layout_basic, nicolae_ru_path_of_blood, mainiacjoe_overflow_alcove_1,
          minmay_small_thing
D:6:      layout_layer_cave, lemuel_doored_altar, mainiacjoe_overflow_catwalk,
          kennysheep_slug_shrine, mainiacjoe_overflow_six_doors_small,
          gammafunk_ghost_necromancy, portal_sewer_entry_d,
          nicolae_stop_n_shop_2

Skill      XL: |  1  2  3  4  5  6  7  8 |
---------------+-------------------------+-----
Short Blades   | 1 2 3 |  3.3
Long Blades    | 1 2 3 |  3.3
Maces & Flails | 1 2 3 |  3.3
Polearms       | 1 2 3 |  3.3
Staves         | 1 2 3 |  3.3
Slings         | 1 2 3 |  3.3
Bows           | 1 2 3 |  3.3
Crossbows      | 1 2 3 |  3.3
Throwing       | 1 2 3 |  3.3
Stealth        | 1 2 3 |  3.3
Shields        | 1 2 3 |  3.3
Unarmed Combat | 1 2 3 |  3.3
Spellcasting   | 1 2 3 |  3.3
Evocations     | 1 2 3 |  3.3
Conjurations   | 1 2 |  2.7
Hexes          | 1 2 |  2.7
Summonings     | 1 2 |  2.7
Necromancy     | 1 2 |  2.7
Translocations | 1 2 |  2.7
Transmutations | 1 2 |  2.7
Fire Magic     | 1 2 |  2.7
Ice Magic      | 1 2 |  2.7
Air Magic      | 1 2 |  2.7
Earth Magic    | 1 2 |  2.7
Poison Magic   | 1 2 |  2.7
Dodging        | 3 4 |  4.3
Invocations    | 5 6 |  6.0
Axes           | 5 |  5.7
Armour         | 5 |  5.7
Fighting       | 7 |  7.4

Action                   |  1- 3 |  4- 6 |  7- 9 || total
-------------------------+-------+-------+-------++-------
Melee: Hand axe          |    88 |   268 |   184 ||   540
       Bite              |     7 |    31 |    23 ||    61
       Punch             |       |     3 |     6 ||     9
Throw: Dart              |       |       |     3 ||     3
Invok: Depart the Abyss  |     1 |       |       ||     1
  Use: Scroll            |       |     3 |     5 ||     8
       Potion            |       |     3 |     8 ||    11
 Stab: Sleeping          |       |     3 |     1 ||     4
Armor: Leather armour    |    15 |       |       ||    15
       Ring mail         |    10 |    45 |       ||    55
       Skin              |       |    16 |       ||    16
       Robe              |       |    56 |    61 ||   117
Dodge: Dodged            |    45 |   181 |   162 ||   388

Table legend: (Time is in decaauts)
 A = Elapsed time spent in this place.
 B = Non-inter-level travel time spent in this place.
 C = Inter-level travel time spent in this place.
 D = Time resting spent in this place.
 E = Time spent auto-exploring this place.
 F = Levels seen in this place.
 G = Mean time per level.
                   A        B        C        D        E       F      G
               +--------+--------+--------+--------+--------+-----+--------+
         Total |   7159 |   7050 |    109 |   1561 |   4010 |   7 | 1022.7 |
       Dungeon |   7159 |   7050 |    109 |   1561 |   4010 |   6 | 1193.2 |
         Abyss |      0 |      0 |      0 |      0 |      0 |   1 |    0.0 |
               +--------+--------+--------+--------+--------+-----+--------+

Top non-repeatable levels by time:
     D:4: 1913 daAuts
     D:2: 1495 daAuts
     D:3: 1406 daAuts
     D:1: 1076 daAuts
     D:5: 1043 daAuts
     D:6: 224 daAuts
